Map: Oceanborn LE

Players

Nitix

  • Race: Zerg Zerg
  • Spawn Location: 5:00

VITSolar (Solar) - Winner!

  • Race: Zerg Zerg
  • League: Master
  • Spawn Location: 11:00

Event: Bellum Gens Elite Stara Zagora 2024

VOD

Have the link to the VOD?

Description

Time

  • Played on: Sept. 5, 2024, 1:52 p.m.
  • Length: 6:56

All games in this series

Show
View Real Time Build Order
Export as new Build Order

Nitix Zerg 

Build Orders: Hatch First 

Get SALT Encoding   

  12  0:00  Drone  
  13  0:11  Overlord  
  13  0:16  Drone  
  14  0:30  Drone x2  
  16  0:47  Hatchery  
  15  0:50  Drone  
  15  0:53  Drone  
  17  0:57  Drone  
  18  1:07  Extractor  
  17  1:13  Spawning Pool  
  17  1:15  Drone  
  17  1:18  Drone  
  18  1:27  Drone  
  19  1:38  Drone  
  20  1:48  Drone  
  21  1:59  Overlord  
  21  2:00  Zergling x2, Queen x2  
  26  2:07  Metabolic Boost  
  26  2:10  Drone  
  26  2:11  Drone  
  28  2:21  Drone x2  
  30  2:32  Hatchery  
  30  2:35  Zergling x2  
  30  2:43  Overlord  
  30  2:44  Drone x2  
  32  2:55  Drone x2  
  34  3:06  Zergling x4  
  34  3:07  Zergling x6  
  39  3:13  Drone, Roach Warren  
  39  3:19  Zergling x6  
  43  3:20  Zergling x2  
  42  3:36  Zergling x2  
  42  3:38  Overlord x2  
  43  3:43  Queen  
  43  3:45  Zergling x10  
  50  3:58  Drone x4, Evolution Chamber  
  50  3:59  Drone  
  54  4:09  Roach  
  60  4:10  Roach x2  
  57  4:20  Roach x2  
  57  4:21  Roach x2  
  59  4:35  Zergling x4, Roach x3  
  52  4:47  Zergling x6, Roach x3  
  60  4:57  Drone  
  60  4:58  Drone x3  
  63  5:02  Drone  
  63  5:03  Drone x3  
  63  5:05  Queen  
  62  5:14  Drone x3  
  65  5:17  Extractor  
  65  5:18  Extractor  
  63  5:23  Drone x2, Overlord  
  63  5:35  Queen  
  63  5:37  Overlord  
  64  5:52  Roach  
  64  5:53  Roach x4  
  73  5:57  Spine Crawler x2, Overlord  
  73  5:58  Spine Crawler  
  73  6:01  Roach x2  
  73  6:10  Roach x3  
  79  6:16  Roach x2  
  83  6:20  Roach  
  83  6:22  Zergling x8  
  81  6:37  Zergling x8, Roach  
Show
View Real Time Build Order
Export as new Build Order

VITSolar Zerg - Winner!

Build Orders: Hatch First 

Get SALT Encoding   

  12  0:00  Drone  
  13  0:13  Overlord  
  13  0:17  Drone  
  14  0:31  Drone x2  
  16  0:48  Hatchery  
  15  0:52  Drone  
  15  0:54  Drone  
  17  0:59  Drone  
  18  1:08  Extractor  
  17  1:13  Spawning Pool  
  17  1:16  Drone  
  17  1:19  Drone  
  18  1:29  Drone  
  19  1:39  Drone  
  20  1:50  Drone  
  21  2:00  Queen x2, Zergling x2  
  26  2:01  Overlord  
  26  2:09  Metabolic Boost  
  26  2:13  Drone x2  
  28  2:22  Zergling x2  
  29  2:23  Drone  
  30  2:33  Hatchery  
  29  2:38  Baneling Nest  
  29  2:42  Drone  
  29  2:43  Drone  
  30  2:45  Drone  
  30  2:50  Overlord  
  31  2:56  Zergling x2  
  31  2:57  Zergling x2  
  33  3:05  Zergling x4  
  35  3:09  Zergling x2  
  35  3:10  Zergling x6  
  35  3:12  Zergling x2  
  40  3:14  Zergling x2  
  41  3:21  Baneling x2  
  41  3:23  Overlord  
  41  3:26  Drone  
  42  3:40  Zergling x4  
  42  3:41  Zergling x12  
  49  3:44  Zergling x2  
  50  3:49  Drone  
  50  3:53  Queen  
  52  3:59  Overlord  
  52  4:00  Baneling  
  52  4:03  Baneling  
  52  4:04  Baneling  
  52  4:06  Drone x2  
  52  4:08  Drone x2  
  56  4:15  Zergling x2  
  56  4:16  Zergling x2  
  57  4:22  Drone  
  57  4:23  Overlord  
  58  4:30  Drone x3  
  59  4:35  Drone x2  
  59  4:37  Zergling x4  
  61  4:39  Roach Warren, Drone  
  61  4:42  Zergling x2  
  61  4:43  Drone  
  61  4:45  Drone, Extractor  
  58  4:48  Drone  
  58  4:50  Drone x2  
  61  4:53  Overlord  
  61  4:55  Drone  
  61  4:57  Zergling x2  
  56  5:10  Overlord  
  56  5:14  Zergling x4  
  58  5:20  Roach x7  
  72  5:22  Roach  
  72  5:25  Roach x2  
  75  5:30  Roach  
  75  5:34  Overlord  
  77  5:38  Roach x3  
  83  5:47  Overlord  
  83  5:52  Zergling x16  
  83  5:57  Zergling x6  
  94  6:03  Overlord  
  94  6:04  Ravager x2  
  95  6:06  Zergling x6  
  99  6:12  Zergling x8  
  99  6:15  Overlord  
  103  6:23  Zergling x4  
  105  6:25  Ravager  
  101  6:33  Zergling x2  
  101  6:34  Zergling x14  
  101  6:43  Ravager  
Tags
 
Add a new tag
Caveats
  • Supply blocks, unpowered buildings, or Contaminate may cause inaccurate times.
  • Supply counts are checked every 10 seconds.